 Dungeon Crawl Stone Soup version 0.31-a0-233-g139696dc86 (webtiles) character file.

Game seed: 13798803978281256634

60 qw the Shooter (level 3, 0/29 HPs)
             Began as a Minotaur Hexslinger on July 9, 2023.
             Slain by a gnoll
             ... wielding a +0 club
              (3 damage)
             ... on level 2 of the Dungeon.
             The game lasted 00:00:36 (1730 turns).

qw the Shooter (Minotaur Hexslinger)                Turns: 1730, Time: 00:00:36

Health: 0/29       AC:  5    Str: 15 (16) XL:     3   Next: 80%
Magic:  3/3        EV: 11    Int:  8 (9)  God:
Gold:   73         SH:  0    Dex: 11 (13) Spells: 3/4 levels left

rFire   . . .        Y - +1 sling
rCold   . . .        (no shield)
rNeg    . . .        h - +0 ring mail
rPois   .            (helmet restricted)
rElec   .            (no cloak)
rCorr   .            (no gloves)
SInv    .            (no boots)
Will    .....        (no amulet)
Stlth   +            (no ring)
HPRegen 0.24/turn    (no ring)
MPRegen 0.08/turn

%: no passive effects
@: no status effects
A: horns 2, retaliatory headbutt, strong 1, evolution 1
a: no special abilities


You were on level 2 of the Dungeon.
You visited 1 branch of the dungeon, and saw 3 of its levels.

You collected 73 gold pieces.


Innate Abilities, Weirdness & Mutations

You have a pair of horns on your head.
You reflexively headbutt those who attack you in melee.
Your muscles are strong. (Str +4, Int/Dex -1)
You have hidden genetic potential.


   Skills:
 - Level 2.0 Fighting
 + Level 4.0 Ranged Weapons
 - Level 1.5 Armour
 - Level 2.1 Dodging
 - Level 1.0 Spellcasting
 - Level 2.0 Hexes


You had 3 spell levels left.
You knew the following spells:

 Your Spells              Type           Power      Damage    Failure   Level
a - Slow                  Hex            12%        N/A       32%         1

Your spell library contained the following spells:

 Spells                   Type           Power      Damage    Failure   Level
 Inner Flame              Hex/Fire       2%         N/A       83%         3
 Portal Projectile        Hex/Tloc       4%         N/A       83%         3
 Cause Fear               Hex            1%         N/A       97%         4

Inventory:

Hand Weapons
 Y - a +1 sling (weapon)
Armour
 h - a +0 ring mail (worn)
Scrolls
 a - a scroll of identify
Potions
 e - a potion of enlightenment {unknown}
 f - 2 potions of curing
 g - a potion of haste {unknown}
 j - a potion of mutation
 m - a potion of heal wounds {unknown}

Dungeon Overview and Level Annotations

Branches:
Dungeon (3/15)

Altars:


Message History

You shoot a sling bullet. The sling bullet hits the gnoll.
The gnoll is lightly wounded.
The gnoll closely misses you. The gnoll hits you with a +0 club.
The gnoll barely misses you.
1720 ||| STAIRDANCE The gnoll misses you.
The gnoll closely misses you. The gnoll completely misses you.
You climb upwards.
There is a stone staircase leading down here.
You shoot a sling bullet. The sling bullet hits the gnoll.
The gnoll is lightly wounded.
The gnoll closely misses you. x2; You furiously retaliate!
You headbutt the gnoll! You shoot a sling bullet.
The sling bullet hits the gnoll.
You kill the gnoll!
The gnoll hits you with a +0 club. x2
Your Armour skill increases to level 1!
You shoot a sling bullet.
The sling bullet completely misses the gnoll.
The gnoll closely misses you.
You shoot a sling bullet.
The sling bullet barely misses the gnoll.
The gnoll misses you.
You shoot a sling bullet.
The sling bullet barely misses the gnoll.
The gnoll hits you with a +0 club. x2
You shoot a sling bullet.
The sling bullet barely misses the gnoll.
The gnoll hits you with a +0 club.
You shoot a sling bullet.
The sling bullet closely misses the gnoll.
The gnoll hits you with a +0 club.
You shoot a sling bullet. The sling bullet hits the gnoll.
The gnoll is heavily wounded.
The gnoll hits you with a +0 club. x2
You shoot a sling bullet.
The sling bullet hits the gnoll but does no damage.
The gnoll is heavily wounded.
The gnoll hits you with a +0 club.
You die...

#!......# #............#
#.##.##.# #.#####.#.####
#.##.##.# #.#####.#.#
#.##.##.# #.##......#
#.##(##.######.##.##...#
#.......##.............###
####.#####........#......###
#.#####........#...#..##.
#.#...#.@).....#....[....
#.....#.g.....##...#..#..
###...#.......##...#..#.#
##.##...............#.#
####.#############......#
#.............# ###.####
#.##.##.#####.# #.#
#.##.##.#####.######.#
#.##.......##........####


You could see a gnoll.

Vanquished Creatures
  A gnoll (D:2)
  A worm (D:2)
  2 dart slugs (D:1)
  2 endoplasms (D:1)
  A giant cockroach (D:2)
  3 hobgoblins
  9 jackals (D:1)
  2 quokkas
  5 ball pythons
  4 goblins
  4 kobolds
  7 rats
41 creatures vanquished.

Notes
Turn   | Place    | Note
-------+----------+-------------------------------------------
     0 | D:1      | qw the Minotaur Hexslinger began the quest for the Orb.
     0 | D:1      | Reached XP level 1. HP: 16/16 MP: 1/1
     0 | D:1      | 0 ||| qw: Version: 0.3-a-51-g015441d
     0 | D:1      | 0 ||| qw: Game counter: 3929
     0 | D:1      | 0 ||| qw: Melee chars always use a shield: true
     0 | D:1      | 0 ||| qw: God list: Okawaru
     0 | D:1      | 0 ||| qw: Allow faded altars: false
     0 | D:1      | 0 ||| qw: Do Orc after clearing Dungeon:15 true
     0 | D:1      | 0 ||| qw: Do second Lair branch before Depths: true
     0 | D:1      | 0 ||| qw: Lair rune preference: random
     0 | D:1      | 0 ||| qw: Goals: Normal
     0 | D:1      | 0 ||| PLANNING D:1-11
    88 | D:1      | Reached skill level 3 in Ranged Weapons
   138 | D:1      | Reached XP level 2. HP: 18/23 MP: 2/2
   140 | D:1      | 140 ||| FLEEEEING.
   141 | D:1      | 141 ||| FLEEEEING.
   142 | D:1      | 142 ||| FLEEEEING.
   143 | D:1      | 143 ||| FLEEEEING.
   144 | D:1      | 144 ||| FLEEEEING.
   145 | D:1      | 145 ||| FLEEEEING.
   146 | D:1      | 146 ||| FLEEEEING.
   147 | D:1      | 147 ||| FLEEEEING.
   148 | D:1      | 148 ||| FLEEEEING.
   149 | D:1      | 149 ||| FLEEEEING.
   420 | D:1      | Reached XP level 3. HP: 20/29 MP: 3/3
   781 | D:1      | You fall into a shaft and drop 1 floor!
   843 | D:2      | Found a faded altar of an unknown god.
   939 | D:2      | Reached skill level 4 in Ranged Weapons
   940 | D:2      | 940 ||| UPGRADING to +0 ring mail.
   950 | D:2      | 950 ||| DROPPING +0 robe.
   951 | D:2      | 951 ||| READING scroll labelled PAADIB ANNU.
   952 | D:2      | 952 ||| READING scroll labelled QADISI WYUCUPN.
   956 | D:2      | 956 ||| READING scroll labelled HUOCZY FUONKU.
   957 | D:2      | 957 ||| DRINKING 3 metallic purple potions.
   958 | D:2      | 958 ||| DRINKING 2 bubbling blue potions.
   958 | D:2      | Gained mutation: Your muscles are strong. (Str +4, Int/Dex
                  | -1) [potion of mutation]
   958 | D:2      | Gained mutation: You have hidden genetic potential. [potion
                  | of mutation]
   959 | D:2      | 959 ||| DRINKING 2 lumpy black potions.
   960 | D:2      | 960 ||| DROPPING scroll of poison.
   961 | D:2      | 961 ||| DROPPING potion of degeneration.
  1258 | D:1      | 1258 ||| READING scroll labelled HOGRUI QYGOEB.
  1657 | D:2      | 1657 ||| READING 3 scrolls labelled NEETESH NUTUST.
  1658 | D:2      | 1658 ||| READING scroll labelled WARAB MACO.
  1659 | D:2      | 1659 ||| DRINKING 2 grey potions.
  1683 | D:2      | 1683 ||| READING 2 scrolls of identify.
  1683 | D:2      | 1683 ||| IDENTIFYING smoky emerald potion
  1684 | D:2      | 1684 ||| DROPPING potion of lignification.
  1685 | D:2      | 1685 ||| DROPPING potion of berserk rage.
  1720 | D:3      | 1720 ||| STAIRDANCE
  1724 | D:2      | Reached skill level 1 in Armour
  1729 | D:2      | HP: 6/29 [gnoll/+0 club (4)]
  1729 | D:2      | HP: 2/29 [gnoll/+0 club (4)]
  1730 | D:2      | Slain by a gnoll

Levels and vault maps discovered:
D:1:      minmay_arrival_solitary_statue, layout_basic, minmay_misc_feat_rows
D:2:      layout_loops_cross, hellmonk_ecumenical_altar_run_dry
D:3:      layout_loops_cross, mainiacjoe_overflow_paths

Skill      XL: |  1  2  3 |
---------------+----------+-----
Ranged Weapons | 3 4 |  4.0
Fighting       | 2 |  2.0
Armour         | 1 |  1.5
Dodging        | |  2.1
Spellcasting   | |  1.0
Hexes          | |  2.0

Action                     || total
---------------------------++-------
   Fire: Sling             ||   117
    Use: Scroll            ||     7
         Potion            ||     4
 Armour: Robe              ||     5
         Ring mail         ||     2
  Dodge: Dodged            ||    41

Table legend:
 A = Non-vault XP
 B = Vault XP
 C = Vault XP percentage of total XP
 D = Non-vault monster count
 E = Vault monster count
 F = Vault count percentage of total count
                 A         B        C        D         E       F
            +---------+---------+-------+---------+---------+-------
      Total |      86 |       0 |   0.0 |      41 |       0 |   0.0
            +---------+---------+-------+---------+---------+-------
        D:1 |      53 |       0 |   0.0 |      30 |       0 |   0.0
        D:2 |      33 |       0 |   0.0 |      11 |       0 |   0.0
            +---------+---------+-------+---------+---------+-------
